AoeStats
← Jazzmushroom

Four Lakes

507205186Analyzed
1v1 RM · 15d ago on Sep 17, 2026· 20m 23s· 2 players
Game mode
Random Map
Map size
Tiny (2 player)
Population
200
Speed
Normal
Resources
Standard
Victory
Conquest
Starting age
Dark Age
Ending age
Imperial Age
RankedLock teamsTeams togetherTeam positionsShared explorationLock speedFull tech treeHidden civsTurbo modeCheats
Victory
Defeat
🇺🇸 Teutons · United States
1457
+15
🇺🇸 Shu · United States
1428
-15
Jazzmushroom
8:58 Loom
10:52 Feudal Age
12:54 Double-Bit Axe
14:01 Fishing Lines
17:55 Fletching
Portugeezer3
7:14 Loom
9:49 Feudal Age
11:44 Double-Bit Axe
15:21 Fletching
17:31 Town Watch
17:51 Fishing Lines
Connection lost

Rejoining the realm…

Still unreachable

The connection could not be restored.

Session expired

The server has moved on; the page needs a fresh start.